 Dungeon Crawl Stone Soup version 0.20-a0-434-g93bceec (webtiles) character file.

35046 Dharzhak the Severer (level 13, -1/118 HPs)
             Began as a Minotaur Fighter on Jan 4, 2017.
             Was an Initiate of Gozag.
             Killed from afar by an efreet (15 damage)
             ... with a bolt of fire
             ... on level 14 of the Dungeon.
             The game lasted 00:49:10 (13858 turns).

Dharzhak the Severer (Minotaur Fighter)            Turns: 13858, Time: 00:49:10

Health: -1/118     AC: 22    Str: 27    XL:     13   Next: 45%
Magic:  12/12      EV: 14    Int:  5    God:    Gozag
Gold:   1611       SH: 14    Dex: 17    Spells: 9/12 levels left

rFire  x . .     SeeInvis .     T - +9 long sword of Wealth {venom, MR+ Str+2 Dex+3}
rCold  + + .     Gourm    .     p - +1 ice dragon scales
rNeg   . . .     Faith    .     c - +0 shield
rPois  .         Spirit   .     (helmet restricted)
rElec  .         Reflect  .     A - +2 cloak
rCorr  +         Harm     .     h - +1 pair of gloves {Str+3}
MR     +....                    I - +0 pair of boots
Stlth  +.........               s - amulet of magic regeneration
                                H - ring of resist corrosion
                                K - +4 ring of slaying

@: about to teleport
A: retaliatory headbutt, horns 2
a: Potion Petition, Call Merchant, Bribe Branch, Renounce Religion


You were on level 14 of the Dungeon.
You worshipped Gozag.
Gozag was most pleased with you.
You were not hungry.

You visited 2 branches of the dungeon, and saw 15 of its levels.
You also visited: Labyrinth and Ice Cave.

You collected 3252 gold pieces.
You spent 604 gold pieces at shops.
You paid 1037 gold pieces to Gozag.

Inventory:

Hand Weapons
 b - a +2 flail of protection
 J - a +2 broad axe of freezing
 T - the +9 long sword of Wealth (weapon) {venom, MR+ Str+2 Dex+3}
   (You found it on level 14 of the Dungeon)

   It poisons the flesh of those it strikes.
   It affects your strength (+2).
   It affects your dexterity (+3).
   It affects your resistance to hostile enchantments.
Missiles
 d - 3 poisoned tomahawks (quivered)
 m - 15 tomahawks
 D - 7 silver tomahawks
Armour
 c - a +0 shield (worn)
 h - a +1 pair of gloves of strength (worn)
 k - a +0 plate armour
 p - +1 ice dragon scales (worn)
 A - a +2 cloak (worn)
 I - a +0 pair of boots (worn)
Jewellery
 s - an amulet of magic regeneration (around neck)
 B - an uncursed ring of stealth
 H - a ring of resist corrosion (right hand)
 K - a +4 ring of slaying (left hand)
Wands
 i - a wand of enslavement (9/24)
 u - a wand of confusion (20/48)
 E - a wand of lightning (10/15)
 G - a wand of disintegration (17/24)
 M - a wand of iceblast (6/15)
Scrolls
 e - 5 scrolls of remove curse
 l - a scroll of fog
 o - 7 scrolls of blinking
 q - 2 scrolls of magic mapping
 t - a scroll of immolation
 w - 4 scrolls of teleportation
 P - a scroll of noise {unknown}
Potions
 g - 3 potions of flight
 n - 8 potions of curing
 r - 3 potions of lignification
 x - a potion of resistance {unknown}
 z - 3 potions of ambrosia
 C - 2 potions of haste
 F - 2 potions of magic
 L - a potion of cancellation
 R - 3 potions of berserk rage
 S - a potion of agility
Comestibles
 a - 10 royal jellies
 f - 7 bread rations
 v - 5 meat rations
 Q - 4 fruits


   Skills:
 + Level 12.0 Fighting
 * Level 1.6 Long Blades
 + Level 16.5(16.6) Axes
 + Level 2.1(11.3) Maces & Flails
 + Level 1.6 Throwing
 + Level 11.4 Armour
 + Level 6.4 Dodging
 + Level 2.9 Stealth
 + Level 12.3 Shields


You had 9 spell levels left.
You knew the following spells:

 Your Spells              Type           Power        Failure   Level  Hunger
a - Ozocubu's Armour      Chrm/Ice       #.......     100%        3    ####...


Dungeon Overview and Level Annotations

Branches:
Dungeon (14/15)            Temple (1/1) D:5            Lair (0/6) D:8
    Orc (0/2) D:11         Vaults (0/5) D:14

Altars:
Ashenzari
Cheibriados
Dithmenos
Elyvilon
Fedhas
Gozag
Hepliaklqana
Kikubaaqudgha
Makhleb
Nemelex Xobeh
Okawaru
Qazlal
Ru
Sif Muna
Trog
Uskayaw
Vehumet
Xom
Yredelemnul
Zin
The Shining One

Shops:
D:6 (   D:12 *


Innate Abilities, Weirdness & Mutations

You reflexively headbutt those who attack you in melee.
You have a pair of horns on your head.


Message History

The fireball explodes!
The fireball engulfs you! The fire burns you terribly!
The fireball engulfs the efreet.
The efreet completely resists.
You slash the efreet! You headbutt the efreet.
The efreet is severely wounded.
The efreet hits you with a scimitar of flaming.
* * * LOW HITPOINT WARNING * * *
The efreet burns you.
* * * LOW HITPOINT WARNING * * *
You slash the efreet!
The efreet is poisoned.
The efreet is almost dead.
The efreet gestures at you. The bolt of fire hits you!
The fire burns you terribly!
* * * LOW HITPOINT WARNING * * *
Unknown command.
As you read the scroll of teleportation, it crumbles to dust.
You feel strangely unstable. The efreet gestures at you.
The bolt of fire hits you! The fire burns you terribly!
You die...
Your body crumbles into a pile of gold.

##............#..⌠.
########............#....
#................##.#....
#..........###...##.#####
#..........# #...##......
#.######...# #...#######.
#.# #...###...........
#.######.................
#.......@R...............
#...................###..
#...............##### #..
#.######.......##..## #..
#.# #......##....###..
#.# #.....##......##..
#.######.....#:.......'..
#............#......).'..
#.........#####......##..


You could see an efreet.

Vanquished Creatures
  A minotaur (Lab)
  A hydra (D:14)
  A great orb of eyes (D:13)
  2 vault guards (D:14)
  4 centaur warriors
  4 two-headed ogres
  An unseen horror (D:12)
  5 wizards (D:14)
  Pikel (D:8)
  A deep elf mage (D:13)
  2 necromancers (D:14)
  A cyclops (D:12)
  2 ugly things
  A manticore (D:14)
  A water nymph (shapeshifter) (D:14)
  A freezing wraith (D:14)
  A yaktaur (D:14)
  5 trolls
  A hornet (D:11)
  4 slime creatures (D:12)
  4 hippogriffs
  Sigmund (D:6)
  4 wyverns
  2 wraiths
  4 yaks (D:11)
  16 humans (D:14)
  2 hungry ghosts
  8 vampire mosquitoes
  Menkaure (D:6)
  3 water moccasins
  3 porcupines (D:8)
  2 acid dragons
  17 orc warriors
  A phantom (D:6)
  2 sky beasts
  5 black bears
  3 necrophages
  12 ogres
  10 ice beasts
  9 centaurs
  Blork the orc (D:6)
  11 bullfrogs
  A gnoll sergeant (D:8)
  3 wyvern skeletons
  5 scorpions
  A water moccasin skeleton (D:9)
  14 killer bees
  3 wights (D:9)
  A howler monkey (D:9)
  8 crimson imps
  4 bullfrog zombies
  4 centaur zombies
  8 jellies
  A quasit (D:11)
  10 hounds
  8 orc priests
  2 centaur skeletons
  4 iguanas
  Natasha (D:2)
  2 bullfrog skeletons
  14 orc wizards
  5 worker ants
  A killer bee zombie (D:9)
  2 worker ant zombies
  A howler monkey skeleton (D:4)
  11 gnolls
  12 adders
  2 shadow imps
  12 white imps (D:11)
  8 oozes
  An adder skeleton (D:9)
  An adder zombie (D:9)
  2 worms
  2 dart slugs (D:2)
  5 leopard geckos
  39 orcs
  A bat (D:2)
  9 giant cockroaches
  7 goblins
  5 hobgoblins
  17 jackals
  3 quokkas
  A ball python (D:4)
  9 frilled lizards
  5 kobolds
  A leopard gecko skeleton (D:4)
  A quokka skeleton (D:5)
  A quokka zombie (D:9)
  4 rats
  A fungus (D:8)
424 creatures vanquished.

Vanquished Creatures (others)
  An orc priest (D:8)
  An orc wizard (D:8)
  A worker ant (D:8)
  An orc (D:8)
  11 fungi (D:8)
15 creatures vanquished.

Grand Total: 439 creatures vanquished

Notes
Turn   | Place    | Note
-------+----------+-------------------------------------------
     0 | D:1      | Dharzhak the Minotaur Fighter began the quest for the Orb.
     0 | D:1      | Reached XP level 1. HP: 19/19 MP: 0/0
   265 | D:1      | Reached XP level 2. HP: 24/27 MP: 1/1
   723 | D:2      | Noticed Natasha
   730 | D:2      | Killed Natasha
   730 | D:2      | Reached XP level 3. HP: 29/33 MP: 2/2
   762 | D:2      | Reached skill level 3 in Axes
   999 | D:2      | Reached XP level 4. HP: 40/40 MP: 3/3
  1324 | D:3      | Reached skill level 1 in Dodging
  1385 | D:3      | Reached skill level 5 in Armour
  1716 | D:3      | Reached XP level 5. HP: 42/46 MP: 4/4
  1756 | D:3      | Reached skill level 4 in Axes
  2369 | D:4      | Found a stormy altar of Qazlal.
  2426 | D:4      | Found a bloodstained altar of Trog.
  2426 | D:4      | Found a burning altar of Makhleb.
  2431 | D:4      | Found an iron altar of Okawaru.
  2433 | D:4      | Found a snail-covered altar of Cheibriados.
  2435 | D:4      | Found a glowing silver altar of Zin.
  2600 | D:4      | Reached XP level 6. HP: 53/53 MP: 5/5
  2799 | D:4      | Reached skill level 5 in Axes
  3013 | D:5      | Entered Level 5 of the Dungeon
  3088 | D:5      | Found a staircase to the Ecumenical Temple.
  3100 | Temple   | Entered the Ecumenical Temple
  3654 | D:5      | Noticed an ice beast
  3660 | D:5      | Killed an ice beast
  3660 | D:5      | Reached skill level 5 in Shields
  3820 | D:5      | Reached XP level 7. HP: 60/60 MP: 6/6
  4119 | D:6      | Noticed Sigmund
  4134 | D:6      | Killed Sigmund
  4134 | D:6      | Reached skill level 6 in Axes
  4134 | D:6      | Reached skill level 1 in Stealth
  4198 | D:6      | Reached skill level 5 in Fighting
  4293 | D:6      | Noticed Blork the orc
  4306 | D:6      | Killed Blork the orc
  4341 | D:6      | Noticed Menkaure
  4350 | D:6      | Killed Menkaure
  4350 | D:6      | Reached skill level 7 in Axes
  4350 | D:6      | Reached XP level 8. HP: 22/68 MP: 7/7
  4611 | D:6      | Noticed a two-headed ogre
  4619 | D:6      | Killed a two-headed ogre
  4619 | D:6      | Reached skill level 8 in Axes
  4632 | D:6      | Found Niecluy's Weapon Shop.
  4876 | D:6      | Reached XP level 9. HP: 75/75 MP: 8/8
  4930 | D:6      | You fall through a shaft for 2 floors!
  4930 | D:8      | Found a shadowy altar of Dithmenos.
  4995 | D:8      | Reached skill level 9 in Axes
  5599 | D:7      | Found a shattered altar of Ashenzari.
  5642 | D:7      | Reached skill level 10 in Axes
  5726 | D:7      | Found an opulent altar of Gozag.
  5736 | D:7      | Became a worshipper of Gozag Ym Sagoz the Greedy
  6678 | D:8      | Noticed Pikel
  6690 | D:8      | Killed Pikel
  6690 | D:8      | Reached skill level 11 in Axes
  6690 | D:8      | Reached XP level 10. HP: 63/86 MP: 9/9
  6994 | D:8      | Found a staircase to the Lair.
  7866 | D:9      | Reached skill level 12 in Axes
  8381 | D:9      | Noticed a two-headed ogre
  8389 | D:9      | Killed a two-headed ogre
  8588 | D:9      | Found an ancient bone altar of Kikubaaqudgha.
  8676 | D:10     | Entered Level 10 of the Dungeon
  9037 | D:10     | Reached XP level 11. HP: 95/95 MP: 10/10
  9149 | D:10     | Reached skill level 10 in Armour
  9631 | D:11     | Paralysed by a hornet for 2 turns
  9710 | D:11     | Reached skill level 13 in Axes
  9710 | D:11     | Reached skill level 1 in Throwing
  9793 | D:11     | Found a staircase to the Orcish Mines.
  9871 | D:11     | Found a frozen archway.
  9972 | IceCv    | Entered an ice cave
  9972 | IceCv    | Noticed a white ugly thing
  9980 | IceCv    | Reached skill level 10 in Shields
  9984 | IceCv    | Killed a white ugly thing
 10601 | D:12     | Found Visuthraff's Assorted Antiques.
 10628 | D:12     | Reached skill level 5 in Dodging
 10642 | D:12     | Killed an unseen horror
 10642 | D:12     | Reached skill level 14 in Axes
 10902 | D:12     | Bought a broad axe for 136 gold pieces
 10902 | D:12     | Bought a potion of haste for 340 gold pieces
 10902 | D:12     | Bought a scroll of identify for 68 gold pieces
 10902 | D:12     | Bought a coppery potion for 30 gold pieces
 10902 | D:12     | Bought a bubbling cyan potion for 30 gold pieces
 10984 | D:12     | Reached skill level 10 in Fighting
 11171 | D:12     | Noticed a green ugly thing
 11179 | D:12     | Killed a green ugly thing
 11179 | D:12     | Reached XP level 12. HP: 87/106 MP: 11/11
 11362 | D:12     | Upgraded the game from 0.20-a0-433-g9e36e56 to 0.20-a0-434-g93bceec
 11555 | D:13     | Noticed a centaur warrior
 11557 | D:13     | Noticed a centaur warrior
 11558 | D:13     | Noticed a great orb of eyes
 11558 | D:13     | Killed a centaur warrior
 11567 | D:13     | Killed a great orb of eyes
 11571 | D:13     | Killed a centaur warrior
 11761 | D:13     | Reached skill level 15 in Axes
 12218 | D:14     | Noticed a two-headed ogre
 12224 | D:14     | Killed a two-headed ogre
 12258 | D:14     | Noticed a two-headed ogre
 12267 | D:14     | Killed a two-headed ogre
 12284 | D:14     | Noticed an eight-headed hydra
 12299 | D:14     | Killed a nine-headed hydra
 12301 | D:14     | Reached skill level 1 in Maces & Flails
 12370 | D:14     | Noticed a vault guard
 12379 | D:14     | Noticed a vault guard
 12394 | D:14     | Reached XP level 13. HP: 78/116 MP: 12/12
 12404 | D:14     | Reached skill level 16 in Axes
 12578 | D:14     | Found a labyrinth entrance.
 12593 | Lab      | Entered a labyrinth
 12825 | Lab      | Noticed a minotaur
 12833 | Lab      | Killed a minotaur
 12840 | Lab      | Got a fine fustibalus
 12841 | Lab      | Identified the cursed +1 fustibalus "Globulus" {flame, Dex-3 SInv Stlth+} (You found it in a labyrinth)
 13319 | D:14     | Found an iron altar of Okawaru.
 13390 | D:14     | Found a gate to the Vaults.
 13483 | D:14     | Got a bloodstained long sword
 13484 | D:14     | Identified the +9 long sword of Wealth {venom, MR+ Str+2 Dex+3} (You found it on level 14 of the Dungeon)
 13698 | D:14     | Reached skill level 1 in Long Blades
 13745 | D:14     | Learned a level 3 spell: Ozocubu's Armour
 13843 | D:14     | Identified a scroll of acquirement
 13858 | D:14     | Killed from afar by an efreet

Vault maps used:
D:1:      lemuel_arrival_rhombus, kennysheep_flooded_box, hangedman_decor_push,
          corexii_leaking_fountain, minmay_misc_feat_more_columns
D:2:      minmay_splitting_lines, uniq_natasha
D:4:      chequers_temple_overflow_minitemple, first_bread,
          grunt_qazlal_sundering
D:5:      chequers_big_river
D:6:      serial_shops, nicolae_shop_trees, grunt_ministairs_5,
          uniq_blork_the_orc, uniq_sigmund, uniq_menkaure
D:7:      ashenzari_altar_1, nicolae_overflow_crystal_walls
D:8:      grunt_dithmenos_smoke, due_lair_maze_entry_diamond, uniq_pikel
D:9:      lemuel_round_altar
D:11:     david_orc_4, portal_ice_cave_entry_imps
D:12:     serial_shops, nicolae_shop_stone, hangedman_little_slice_of_home
D:13:     kennysheep_big_flooded_room, minmay_misc_feat_five
D:14:     grunt_vaults_entry_tiered, okawaru_ov_weapons_minmay,
          lab_entry_generic, lightli_wizard_tower
Temple:   hc_temple_tempest_star
Lab:      labyrinth_mini_lab, nicolae_lab_do_over, nicolae_lab_lava
IceCv:    ice_cave_statue_garden_teleport

Skill      XL: |  1  2  3  4  5  6  7  8  9 10 11 12 13 |
---------------+----------------------------------------+-----
Armour         | 4 5 6 7 8 9 10 11 | 11.4
Shields        | 4 5 6 8 9 10 11 12 | 12.3
Fighting       | 4 5 7 8 10 11 12 | 12.0
Axes           | 3 4 5 7 8 11 12 14 15 16 | 16.5
Dodging        | 1 2 3 4 5 6 |  6.4
Stealth        | 1 2 |  2.9
Throwing       | 1 |  1.6
Maces & Flails | 2 |  2.1
Long Blades    | 1 |  1.6

Action                   |  1- 3 |  4- 6 |  7- 9 | 10-12 | 13-15 || total
-------------------------+-------+-------+-------+-------+-------++-------
Melee: War axe           |    69 |   147 |   231 |   484 |       ||   931
       Headbutt          |     4 |    26 |    38 |   149 |    35 ||   252
       Broad axe         |       |       |       |   161 |    92 ||   253
       Flail             |       |       |       |     8 |       ||     8
       Long sword        |       |       |       |       |    33 ||    33
Throw: Tomahawk          |       |       |       |    10 |       ||    10
Invok: Potion Petition   |       |       |       |     3 |     1 ||     4
  Use: Scroll            |       |       |     6 |    18 |     5 ||    29
       Potion            |       |       |     1 |     8 |       ||     9
 Stab: Distracted        |       |       |     1 |     8 |       ||     9
  Eat: Chunk             |       |     8 |     3 |       |       ||    11
       Pizza             |       |     1 |       |       |       ||     1
       Meat ration       |       |       |     2 |     1 |       ||     3
       Beef jerky        |       |       |     1 |     2 |       ||     3
       Bread ration      |       |       |     1 |     2 |     1 ||     4
       Fruit             |       |       |       |       |     1 ||     1
Armor: Scale mail        |    42 |    54 |    30 |       |       ||   126
       Plate armour      |       |       |    80 |    93 |       ||   173
       Ice dragon scales |       |       |    17 |   233 |    46 ||   296
Dodge: Dodged            |    18 |    50 |    79 |   302 |    54 ||   503
Block: Shield            |    34 |    78 |   140 |   469 |    86 ||   807
       Rpst.: Long sword |       |       |       |       |     5 ||     5
